 Dungeon Crawl Stone Soup version 0.32-a0-872-g59262bdc9b (webtiles) character file.

Game seed: 1929037403949467125

473 Biggs the Shooter (level 7, -2/50 HPs)
             Began as a Coglin Hunter on Mar 30, 2024.
             Killed from afar by an orc wizard (9 damage)
             ... with a magic dart
             ... on level 4 of the Dungeon.
             The game lasted 00:06:08 (2897 turns).

Biggs the Shooter (Coglin Hunter)                   Turns: 2897, Time: 00:06:08

Health: -2/50      AC:  5    Str: 11    XL:     7   Next: 10%
Magic:  7/7        EV: 11    Int:  8    God:
Gold:   134        SH:  0    Dex: 20    Spells: 6/6 levels left

rFire   . . .        a - +2 sling {Xochitl}
rCold   . . .        d - +0 sling {Akiya}
rNeg    . . .        c - +0 leather armour
rPois   .            (no helmet)
rElec   .            (no cloak)
rCorr   .            e - +1 pair of gloves
SInv    .            (no boots)
Will    .....        (amulet unavailable)
Stlth   ++           (ring unavailable)
HPRegen 0.28/turn    (ring unavailable)
MPRegen 0.10/turn    (no gizmo)

%: no passive effects
@: no status effects
A: off-hand wielding, slow wielding, warmup strikes, no jewellery
a: Invent Gizmo


You were on level 4 of the Dungeon.
You visited 1 branch of the dungeon, and saw 4 of its levels.

You collected 173 gold pieces.
You spent 39 gold pieces at shops.

Inventory:

Hand Weapons
 a - a +2 sling (weapon) {Xochitl}
 d - a +0 sling (offhand) {Akiya}
Missiles
 s - a throwing net
Armour
 c - a +0 leather armour (worn)
 e - a +1 pair of gloves (worn)
Scrolls
 b - a scroll of butterflies
 g - a scroll of blinking {unknown}
 j - a scroll of teleportation {unknown}
 l - 2 scrolls of immolation {unknown}
 n - 4 scrolls of vulnerability {unknown}
 q - 3 scrolls of identify {unknown}
 t - a scroll of enchant weapon {unknown}
 u - a scroll of revelation {unknown}
Potions
 f - a potion of lignification {unknown}
 h - a potion of might {unknown}
 i - a potion of ambrosia {unknown}
 k - a potion of curing
 m - 4 potions of cancellation {unknown}
 o - 3 potions of degeneration {unknown}
 p - a potion of haste {unknown}
 r - a potion of brilliance {unknown}


   Skills:
 - Level 2.0 Fighting
 + Level 7.6 Ranged Weapons
 - Level 1.7 Dodging
 - Level 0.7 Stealth


You had 6 spell levels left.
You didn't know any spells.
Your spell library contained the following spells:

 Spells                   Type           Power      Damage    Failure   Level
 Magic Dart               Conj           0%         1d3       50%         1
 Summon Small Mammal      Summ           0%         N/A       50%         1
 Blink                    Tloc           0%         N/A       65%         2
 Call Imp                 Summ           0%         N/A       65%         2
 Call Canine Familiar     Summ           0%         N/A       86%         3
 Frozen Ramparts          Ice            0%         1d1       86%         3
 Ozocubu's Armour         Ice            0%         N/A       86%         3
 Summon Blazeheart Golem  Fire/Summ      0%         N/A       99%         4
 Metabolic Englaciation   Hex/Ice        0%         N/A       100%        5


Dungeon Overview and Level Annotations

Branches:
Dungeon (4/15)
 Temple: D:4-7

Altars:
Nemelex Xobeh
Ru

Shops:
D:1 !

Annotations:
D:3 Terence


Innate Abilities, Weirdness & Mutations

You can wield a second weapon in your off-hand.
It takes a long time for you to wield or remove held weapons.
Your first few attacks do less damage.
You cannot equip rings or amulets.


Message History

Unknown command.
Fire: a) +2 sling {Xochitl}
Press: ? - help, Q - select action, (/) - cycle Shift-Dir - straight line You shoot a sling bullet. x2
Something hits you but does no damage.
Fire: a) +2 sling {Xochitl}
Press: ? - help, Q - select action, (/) - cycle Shift-Dir - straight line You shoot a sling bullet. x2
Something hits you but does no damage.
Fire: a) +2 sling {Xochitl}
Press: ? - help, Q - select action, (/) - cycle Shift-Dir - straight line You shoot a sling bullet. x2
Something barely misses you.
Fire: a) +2 sling {Xochitl}
Press: ? - help, Q - select action, (/) - cycle Shift-Dir - straight line You shoot a sling bullet. x2
You hear some strange, mumbled words.
A magic dart appears from out of thin air!
The magic dart hits you but does no damage.
Fire: a) +2 sling {Xochitl}
Press: ? - help, Q - select action, (/) - cycle Shift-Dir - straight line You shoot a sling bullet. x2
You hear some strange, mumbled words.
A puff of flame appears from out of thin air!
The puff of flame hits you.
* * * LOW HITPOINT WARNING * * *
Fire: a) +2 sling {Xochitl}
Press: ? - help, Q - select action, (/) - cycle Shift-Dir - straight line You shoot a sling bullet. x2
Something hits you.
* * * LOW HITPOINT WARNING * * *
Unknown command.
Fire: a) +2 sling {Xochitl}
Press: ? - help, Q - select action, (/) - cycle Shift-Dir - straight line You shoot a sling bullet. x2
Reactivating autopickup.
An orc wizard appears from thin air!
The orc wizard gestures at you while chanting.
The magic dart hits you!
You die...

#..# #.## #..# #รท.#
##..# #.# #>..######.##
## #.#.....##..###.
##.#####...#.#... #..#
###.....##
####.########....##
#))@..........##..#
.......#o....########.)##
...).###.....# ##..# ....
#.....# #### ... #.....#
## #######


You could see an orc wizard.

Vanquished Creatures
  An ogre (D:4)
  2 scorpions (D:4)
  2 hounds (D:4)
  2 iguanas
  4 gnolls (D:3)
  2 adders (D:3)
  A white imp (D:4)
  3 ribbon worms
  9 orcs (D:4)
  3 ball pythons
  12 endoplasms
  5 giant cockroaches
  5 goblins
  4 hobgoblins
  3 jackals (D:2)
  6 quokkas
  5 bats
  A frilled lizard (D:2)
  5 kobolds
  7 rats
82 creatures vanquished.

Notes
Turn   | Place    | Note
-------+----------+-------------------------------------------
     0 | D:1      | Biggs the Coglin Hunter began the quest for the Orb.
     0 | D:1      | Reached XP level 1. HP: 16/16 MP: 1/1
   293 | D:1      | Found Qapsau Anebe's Distillery.
   342 | D:1      | Reached skill level 4 in Ranged Weapons
   342 | D:1      | Reached XP level 2. HP: 22/22 MP: 2/2
   808 | D:1      | Bought a potion of curing for 39 gold pieces
   891 | D:2      | Reached XP level 3. HP: 27/27 MP: 3/3
  1527 | D:3      | Reached skill level 5 in Ranged Weapons
  1527 | D:3      | Reached XP level 4. HP: 25/33 MP: 4/4
  1574 | D:3      | Noticed Terence
  1964 | D:3      | Reached XP level 5. HP: 38/38 MP: 5/5
  2003 | D:3      | HP: 1/38 [iguana (8)]
  2519 | D:4      | Noticed an ogre
  2526 | D:4      | Killed an ogre
  2527 | D:4      | Reached skill level 6 in Ranged Weapons
  2527 | D:4      | Reached XP level 6. HP: 44/44 MP: 6/6
  2530 | D:4      | Found a sparkling altar of Nemelex Xobeh.
  2562 | D:4      | Found a sacrificial altar of Ru.
  2682 | D:4      | Reached skill level 7 in Ranged Weapons
  2867 | D:4      | Reached XP level 7. HP: 45/50 MP: 7/7
  2897 | D:4      | Killed from afar by an orc wizard

Illustrated notes

Levels and vault maps discovered:
D:1:      doesnt_arrival_eight_statues, layout_basic, serial_shops, shop,
          glass_columns_a
D:2:      layout_basic
D:3:      layout_basic, amcnicky_mini_rare_corridor_liquid,
          kennysheep_generic_room_11, uniq_terence
D:4:      layout_rooms, lemuel_doored_altar, nemelex_xobeh_ov_fountains_minmay,
          serial_shops, nicolae_stop_n_shop_1

Skill      XL: |  1  2  3  4  5  6 |
---------------+-------------------+-----
Ranged Weapons | 4 5 6 7 |  7.6
Fighting       | |  2.0
Dodging        | |  1.7
Stealth        | |  0.7

Action                     |  1- 3 |  4- 6 |  7- 9 || total
---------------------------+-------+-------+-------++-------
   Fire: Sling             |   172 |   218 |    50 ||   440
    Use: Potion            |       |     1 |       ||     1
 Armour: Leather armour    |     9 |    28 |    30 ||    67
  Dodge: Dodged            |     9 |    24 |     8 ||    41

Table legend: (Time is in decaauts)
 A = Elapsed time spent in this place.
 B = Non-inter-level travel time spent in this place.
 C = Inter-level travel time spent in this place.
 D = Time resting spent in this place.
 E = Time spent auto-exploring this place.
 F = Levels seen in this place.
 G = Mean time per level.
                   A        B        C        D        E       F      G
               +--------+--------+--------+--------+--------+-----+--------+
         Total |   2933 |   2799 |    134 |      0 |   2380 |   4 |  733.2 |
       Dungeon |   2933 |   2799 |    134 |      0 |   2380 |   4 |  733.2 |
               +--------+--------+--------+--------+--------+-----+--------+

Top non-repeatable levels by time:
     D:3: 1014 daAuts
     D:1: 833 daAuts
     D:2: 697 daAuts
     D:4: 388 daAuts
